Map: Jagannatha LE

Players

Strange - Winner!

  • Race: Protoss Protoss

SKillous

  • Race: Protoss Protoss

Event: DreamHack SC2 Masters 2021 Winter

VOD

Have the link to the VOD?

Description

Time

  • Played on: Oct. 1, 2021, 12:12 p.m.
  • Length: 10:44

All games in this series

Show
View Real Time Build Order
Export as new Build Order

Strange Protoss - Winner!

Build Orders: Phoenix Opening 

Get SALT Encoding   

  12  0:00  Probe  
  13  0:12  Probe  
  14  0:17  Pylon  
  14  0:24  Probe (Chrono Boost)  
  16  0:36  Gateway  
  16  0:37  Probe (Chrono Boost)  
  16  0:42  Probe (Chrono Boost)  
  16  0:45  Assimilator  
  17  0:51  Probe  
  17  0:53  Assimilator  
  18  1:03  Probe (Chrono Boost)  
  19  1:06  Gateway  
  19  1:13  Probe (Chrono Boost)  
  19  1:18  Probe (Chrono Boost)  
  20  1:23  Cybernetics Core  
  21  1:29  Probe  
  22  1:34  Pylon  
  22  1:41  Probe  
  23  1:54  Probe  
  24  1:56  Warp Gate (Chrono Boost)  
  24  1:59  Stalker, Sentry  
  28  2:06  Probe  
  29  2:09  Pylon  
  29  2:18  Probe  
  30  2:27  Stalker  
  32  2:30  Probe  
  32  2:32  Stalker, Phoenix  
  35  2:39  Pylon  
  35  2:46  Robotics Facility  
  35  3:11  Nexus  
  35  3:23  Pylon  
  35  3:31  Immortal (Chrono Boost)  
  39  3:42  Pylon  
  39  3:50  Adept x2  
  43  3:56  Probe  
  44  4:03  Observer  
  44  4:08  Probe  
  46  4:11  Forge  
  46  4:13  Sentry x2  
  50  4:20  Probe  
  50  4:24  Probe  
  52  4:33  Probe  
  52  4:36  Probe  
  52  4:37  Twilight Council  
  54  4:43  Protoss Ground Weapons Level 1 (Chrono Boost)  
  54  4:45  Probe  
  55  4:48  Probe  
  56  4:57  Probe  
  56  4:59  Assimilator  
  57  5:00  Probe, Pylon  
  57  5:01  Assimilator  
  58  5:08  Immortal (Chrono Boost)  
  58  5:10  Probe  
  58  5:12  Probe  
  58  5:13  Observer  
  64  5:15  Blink (Chrono Boost)  
  64  5:22  Probe  
  64  5:25  Shield Battery  
  64  5:26  Probe  
  66  5:34  Probe  
  67  5:38  Probe  
  68  5:44  Immortal (Chrono Boost)  
  68  5:45  Sentry  
  68  5:48  Pylon  
  74  5:55  Gateway  
  74  5:58  Gateway  
  74  6:04  Zealot  
  74  6:12  Probe  
  69  6:19  Warp Prism (Chrono Boost)  
  69  6:23  Probe  
  69  6:24  Probe  
  73  6:27  Sentry x2  
  73  6:30  Pylon  
  73  6:31  Colossus (Chrono Boost)  
  77  6:36  Gateway  
  77  6:37  Gateway  
  77  6:48  Pylon  
  77  6:51  Sentry x3  
  83  6:57  Dark Shrine  
  83  6:58  Pylon  
  83  7:03  Pylon  
  83  7:18  Stalker x3  
  83  7:19  Sentry  
  82  7:46  Stalker x5  
  82  7:47  Stalker  
  68  8:09  Stalker x4  
  68  8:10  Stalker  
  70  8:15  Stalker  
  68  8:23  Warp Prism (Chrono Boost)  
  64  8:39  Dark Templar x2  
  68  8:42  Stalker  
  68  8:43  Stalker  
  72  8:49  Stalker  
  72  8:52  Observer (Chrono Boost)  
  75  9:20  Stalker x4  
  75  9:21  Stalker x2  
  69  9:46  Stalker x5  
Show
View Real Time Build Order
Export as new Build Order

SKillous Protoss 

Build Orders: Blink Stalkers 

Get SALT Encoding   

  12  0:00  Probe  
  13  0:12  Probe  
  14  0:17  Pylon  
  14  0:24  Probe  
  15  0:38  Gateway  
  15  0:39  Probe (Chrono Boost)  
  16  0:48  Assimilator, Probe (Chrono Boost)  
  17  0:53  Probe (Chrono Boost)  
  17  0:57  Assimilator  
  18  1:05  Probe (Chrono Boost)  
  18  1:09  Gateway  
  19  1:13  Probe (Chrono Boost)  
  20  1:19  Probe  
  21  1:25  Cybernetics Core  
  21  1:32  Probe  
  22  1:36  Pylon  
  22  1:44  Probe  
  23  1:56  Probe  
  24  2:02  Stalker x2  
  24  2:03  Warp Gate  
  28  2:11  Probe  
  28  2:14  Pylon  
  29  2:23  Probe  
  30  2:32  Sentry  
  30  2:33  Sentry  
  34  2:48  Nexus  
  34  2:51  Probe  
  35  3:00  Shield Battery  
  35  3:01  Sentry  
  36  3:07  Probe  
  36  3:11  Pylon  
  37  3:20  Probe  
  37  3:23  Twilight Council  
  38  3:33  Probe  
  39  3:45  Probe  
  40  3:52  Stalker, Blink (Chrono Boost)  
  40  3:53  Stalker  
  44  4:01  Shield Battery  
  44  4:03  Probe  
  44  4:04  Probe  
  46  4:10  Shield Battery  
  46  4:16  Stalker  
  49  4:22  Pylon  
  48  4:29  Stalker  
  50  4:32  Pylon  
  50  4:36  Probe x2  
  52  4:40  Stalker  
  54  4:48  Probe  
  54  4:51  Probe  
  56  4:57  Adept  
  58  5:00  Pylon  
  58  5:01  Assimilator, Probe  
  58  5:02  Probe  
  58  5:03  Adept  
  62  5:12  Pylon  
  62  5:13  Probe  
  62  5:14  Probe  
  64  5:23  Probe  
  64  5:24  Stalker, Forge  
  64  5:25  Probe  
  68  5:34  Robotics Facility  
  68  5:35  Probe  
  69  5:37  Probe  
  70  5:46  Stalker  
  70  5:48  Pylon  
  73  6:01  Nexus  
  72  6:08  Stalker  
  74  6:18  Stalker  
  70  6:19  Immortal (Chrono Boost)  
  70  6:25  Gateway x2  
  70  6:33  Shield Battery x2  
  70  6:34  Sentry  
  72  6:40  Shield Battery  
  72  6:42  Stalker, Pylon  
  74  6:53  Protoss Ground Weapons Level 1 (Chrono Boost)  
  74  6:55  Probe x2  
  74  6:58  Stalker  
  82  7:09  Stalker  
  82  7:12  Observer (Chrono Boost)  
  84  7:21  Stalker x3  
  90  7:26  Shield Battery  
  90  7:27  Shield Battery  
  85  7:32  Stalker  
  85  7:34  Shield Battery  
  83  7:40  Immortal  
  83  7:48  Stalker x3  
  76  7:59  Probe  
  76  8:04  Stalker  
  63  8:11  Probe  
  63  8:12  Stalker  
  52  8:16  Stalker x2  
  50  8:25  Probe  
  46  8:30  Stalker  
  49  8:38  Stalker  
  49  8:40  Stalker  
  51  8:42  Sentry  
  51  8:45  Probe  
  54  8:54  Stalker  
  56  8:57  Probe x2  
  56  9:02  Stalker  
  60  9:03  Probe  
  60  9:08  Stalker  
  60  9:09  Probe  
  57  9:21  Probe  
  57  9:22  Stalker  
  60  9:24  Probe  
  55  9:36  Stalker  
  47  9:43  Probe  
  43  9:46  Stalker  
  43  9:50  Stalker  

Tags
 
Add a new tag
Caveats
  • Supply blocks, unpowered buildings, or Contaminate may cause inaccurate times.
  • Supply counts are checked every 10 seconds.